 Dungeon Crawl Stone Soup version 0.29-a0-517-gbdf32494f2 (webtiles) character file.

Game seed: 7001917778933030528

1 purpskrrrp the Shield-Bearer (level 1, -3/18 HPs)
             Began as a Formicid Fighter on May 30, 2022.
             Slain by a gnoll
             ... wielding a +0 flail
              (4 damage)
             ... on level 1 of the Dungeon.
             The game lasted 00:00:06 (18 turns).

purpskrrrp the Shield-Bearer (Formicid Fighter)       Turns: 18, Time: 00:00:07

Health: -3/18      AC:  6    Str: 20    XL:     1   Next: 22%
Magic:  1/1        EV:  9    Int:  7    God:
Gold:   0          SH:  4    Dex: 10    Spells: 0/0 levels left

rFire   . . .      SeeInvis +   a - +0 quarterstaff
rCold   . . .      Faith    .   c - +0 buckler
rNeg    . . .      Spirit   .   b - +0 scale mail
rPois   .          Reflect  .   (helmet unavailable)
rElec   .          Harm     .   (no cloak)
rCorr   .          Rampage  .   (no gloves)
Will    .....                   (no boots)
Stlth   ..........              (no amulet)
HPRegen 0.06/turn               (no ring)
MPRegen 0.07/turn               (no ring)

@: no status effects
A: permanent stasis, dig shafts and tunnels, antennae 3, four strong arms
a: Dig, Shaft Self


You were on level 1 of the Dungeon.
You visited 1 branch of the dungeon, and saw 1 of its levels.

Inventory:

Hand Weapons
 a - a +0 quarterstaff (weapon)
Armour
 b - a +0 scale mail (worn)
 c - a +0 buckler (worn)
Potions
 d - a potion of might


   Skills:
 + Level 3.3 Fighting
 + Level 2.0 Staves
 + Level 3.3 Armour
 + Level 4.0 Shields


You couldn't memorise any spells.
You didn't know any spells.
Your spell library was empty.

Dungeon Overview and Level Annotations

Branches:
Dungeon (1/15)

Altars:


Innate Abilities, Weirdness & Mutations

You cannot be hasted, slowed, berserked, paralysed or teleported.
You can dig through walls and to a lower floor.
You have a pair of large antennae on your head. (SInv)
Your four strong arms can wield two-handed weapons with a shield.


Message History

Welcome, purpskrrrp the Formicid Fighter.
You feel drawn to the Orb of Zot, downwards into the unfathomable depths...
Press ? for a list of commands and other information.
Found a staircase leading out of the dungeon.
You sense a monster nearby.
You open the large door.
A kobold comes into view. It is wielding a +0 dagger.
The kobold shouts!
You hear a shout! x2
A goblin comes into view. It is wielding a +0 dagger.
A gnoll comes into view. It is wielding a +0 flail.
You barely miss the kobold. The kobold misses you.
You hit the kobold.
You kill the kobold!
The gnoll barely misses you.
You closely miss the goblin.
A ball python comes into view.
You block the goblin's attack. You block the gnoll's attack.
You closely miss the goblin. The goblin barely misses you.
The gnoll barely misses you.
You hit the gnoll but do no damage. The gnoll hits you with a +0 flail.
The goblin hits you but does no damage. x2; The gnoll barely misses you.
You hit the gnoll.
The gnoll is moderately wounded.
You block the gnoll's attack. The goblin hits you with a +0 dagger.
You barely miss the gnoll.
The gnoll is moderately wounded.
You block the goblin's attack. The gnoll hits you but does no damage.
You barely miss the gnoll.
The gnoll is moderately wounded.
The goblin hits you with a +0 dagger. The gnoll hits you with a +0 flail.
You hit the gnoll.
The gnoll is severely wounded.
The gnoll hits you with a +0 flail.
* * * LOW HITPOINT WARNING * * *
You block the goblin's attack. The gnoll hits you with a +0 flail.
You die...

{ # .#
###########.#
#........#..#
#...##..@gS.#
#........g..#
#........#..#
#<.......#..#
#........# .#
#........+ .#
#...##...+ #
#........#
##########


You could see a gnoll, a goblin and a ball python.

Vanquished Creatures
  A kobold (D:1)
1 creature vanquished.

Notes
Turn   | Place    | Note
-------+----------+-------------------------------------------
     0 | D:1      | purpskrrrp the Formicid Fighter began the quest for the
                  | Orb.
     0 | D:1      | Reached XP level 1. HP: 18/18 MP: 1/1
    18 | D:1      | Slain by a gnoll

Illustrated notes

Levels and vault maps discovered:
D:1:      lemuel_arrival_behind_the_door_large, layout_basic, dk_noncrumbling_4

Action                   || total
-------------------------++-------
Melee: Quarterstaff      ||     9
Armor: Scale mail        ||     3
Dodge: Dodged            ||     5
Block: Buckler           ||     5

Table legend: (Time is in decaauts)
 A = Elapsed time spent in this place.
 B = Non-inter-level travel time spent in this place.
 C = Inter-level travel time spent in this place.
 D = Time resting spent in this place.
 E = Time spent auto-exploring this place.
 F = Levels seen in this place.
 G = Mean time per level.
                   A        B        C        D        E       F      G
               +--------+--------+--------+--------+--------+-----+--------+
         Total |     19 |     19 |      0 |      0 |      7 |   1 |   19.0 |
       Dungeon |     19 |     19 |      0 |      0 |      7 |   1 |   19.0 |
               +--------+--------+--------+--------+--------+-----+--------+

Top non-repeatable levels by time:
     D:1: 19 daAuts
